 Dungeon Crawl Stone Soup version 0.18-a0-49-gd105b5a (webtiles) character file.

38128 Duffy the Severer (level 14, 70/88 HPs)
             Began as a Tengu Fighter on Nov 7, 2015.
             Was the Champion of Cheibriados.
             Quit the game in a labyrinth.
             The game lasted 00:29:54 (21446 turns).

Duffy the Severer (Tengu Fighter)                  Turns: 21446, Time: 00:29:54

Health: 70/88      AC: 25    Str: 39    XL:     14   Next: 0%
Magic:  21/21      EV: 26    Int: 35    God:    Cheibriados [******]
Gold:   797        SH:  0    Dex: 33    Spells: 1 memorised, 12 levels left

rFire  . . .     SeeInvis .     a - +3 battleaxe (freeze)
rCold  + . .     Clarity  .     R - +7 plate armour "Deaha" {Str+2 Int+7 Dex+4}
rNeg   + . .     SustAt   .     (shield currently unavailable)
rPois  .         Gourm    .     (helmet restricted)
rElec  .         Spirit   .     U - +2 cloak
rCorr  .         Warding  .     (no gloves)
rMut   .         Stasis   .     (boots unavailable)
MR     +....                    E - amulet of faith
Stlth  ..........               p - ring of wizardry
                                v - ring "Ziakhapt" {rC+ rN+ EV+3 Int+5}

@: flying quickly and evasively, very slow, somewhat resistant to hostile
enchantments, extremely unstealthy
A: beak, talons 3, able to fly 2
a: Stop Flying, Bend Time, Temporal Distortion, Slouch, Step From Time, Renounce
Religion


You were in a labyrinth.
You worshipped Cheibriados.
Cheibriados was exalted by your worship.
You were not hungry.

You visited 3 branches of the dungeon, and saw 17 of its levels.
You also visited: Labyrinth and Ossuary.

You collected 797 gold pieces.


Innate Abilities, Weirdness & Mutations

You have a beak for a mouth.
You have claws for feet.
You can fly continuously.


   Skills:
 + Level 10.5 Fighting
 + Level 16.3 Axes
 + Level 10.7 Armour
 + Level 8.5 Dodging
   Level 3.0 Shields
 - Level 8.0 Invocations


You had 12 spell levels left.
You knew the following spells:

 Your Spells              Type           Power        Failure   Level  Hunger
a - Apportation           Tloc           #.........   12%         1    ##.....

Inventory:

Hand Weapons
 a - a +3 battleaxe of freezing (weapon)
 b - a +3 scimitar of flaming
Missiles
 n - 95 poisoned needles
 y - 2 throwing nets (quivered)
Armour
 R - the +7 plate armour "Deaha" (worn) {Str+2 Int+7 Dex+4}

   It affects your strength (+2).
   It affects your intelligence (+7).
   It affects your dexterity (+4).
 U - a +2 cloak (worn)
Jewellery
 c - an uncursed ring of positive energy
 g - an uncursed ring of magical power
 p - a ring of wizardry (right hand)
 s - an uncursed amulet of regeneration {unknown}
 v - the ring "Ziakhapt" (left hand) {rC+ rN+ EV+3 Int+5}

   [ring of evasion]

   It affects your evasion (+3).
   It affects your intelligence (+5).
   It protects you from cold.
   It protects you from negative energy.
 E - an amulet of faith (around neck)
 F - the ring of Incredulity {*Corrode rElec Str+3 Int+4 Stlth-}

   [ring of loudness]

   It affects your strength (+3).
   It affects your intelligence (+4).
   It insulates you from electricity.
   It may corrode your equipment when you take damage.
   It makes you less stealthy.
 J - an uncursed ring of see invisible
 O - an uncursed ring of protection from magic
 T - an uncursed ring of ice
Wands
 m - a wand of digging (21)
 q - a wand of flame (28)
 w - a wand of lightning (7)
 C - a wand of magic darts (7)
 P - a wand of lightning (10)
 W - a wand of slowing (22)
Scrolls
 h - 2 scrolls of immolation
 i - 13 scrolls of remove curse
 t - 2 scrolls of recharging
Potions
 d - a potion of might
 f - 4 potions of agility
 j - 2 potions of curing
 k - 3 potions of brilliance {unknown}
 l - 5 potions of flight
 o - a potion of cure mutation {unknown}
 r - 5 potions of heal wounds
 u - a potion of magic {unknown}
 B - a potion of resistance {unknown}
 I - a potion of haste {unknown}
 N - a potion of mutation {unknown}
Books
 L - an Akashic Record
Miscellaneous
 G - a phial of floods
Comestibles
 e - 20 bread rations
 z - 12 meat rations
 H - 24 fruits

Dungeon Overview and Level Annotations

Branches:
Dungeon (10/15)            Temple (1/1) D:7            Lair (6/8) D:10
 Shoals (0/4) Lair:4       Spider (0/4) Lair:3
  Slime: Lair:6-8       Orc: D:9-12

Altars:
Cheibriados
Elyvilon
Gozag
Kikubaaqudgha
Okawaru
Ru
Sif Muna
Vehumet
Xom
Yredelemnul
Zin

Shops:
D:6 (   D:9 }


Message History

a battleaxe; a papyrus book; an ancient leather armour
Okay, then.
You see here a pair of embroidered boots.
You see here a pair of embroidered boots.
Wear which item? (? for menu, Esc to quit)
You can't wear that.
Put on which piece of jewellery? (? for menu, Esc to quit)
You're wearing all the rings you can.
Remove which one? (? for menu, Esc to cancel) < or
v - the ring "Ziakhapt" {rC+ rN+ EV+3 Int+5} > or
O - a ring of protection from magic You remove your ring of protection from magic.
c - a ring of positive energy (right hand) Put on which piece of jewellery? (? for menu, Esc to quit)
You're wearing all the rings you can.
Remove which one? (? for menu, Esc to cancel) < or
v - the ring "Ziakhapt" {rC+ rN+ EV+3 Int+5} > or
c - a ring of positive energy You remove your ring of positive energy.
You feel your magic capacity increase.
g - a ring of magical power (right hand) Put on which piece of jewellery? (? for menu, Esc to quit)
You're wearing all the rings you can.
Remove which one? (? for menu, Esc to cancel) < or
v - the ring "Ziakhapt" {rC+ rN+ EV+3 Int+5} > or
g - a ring of magical power You remove your ring of magical power.
You feel your magic capacity decrease.
p - a ring of wizardry (right hand) Put on which piece of jewellery? (? for menu, Esc to quit)
Really remove
E - an amulet of faith?
Okay, then.
Unknown command.
Put on which piece of jewellery? (? for menu, Esc to quit)
Okay, then.
Are you sure you want to abandon this character and quit the game? (Confirm with "yes".)

#########
###
#8[8)8.8#...
.
#<.@..).'.#
#8.8.8.8#..#
######### #
#


There were no monsters in sight!

Action                   |  1- 3 |  4- 6 |  7- 9 | 10-12 | 13-15 || total
-------------------------+-------+-------+-------+-------+-------++-------
Melee: War axe           |    93 |    70 |    89 |   120 |       ||   372
       Dagger            |       |    43 |   341 |       |       ||   384
       Battleaxe         |       |       |       |   419 |   179 ||   598
       Scimitar          |       |       |       |     5 |     5 ||    10
 Cast: Apportation       |       |       |       |     4 |       ||     4
Invok: Slouch            |       |       |       |     2 |       ||     2
       Bend Time         |       |       |       |       |     1 ||     1
 Abil: Fly               |       |     2 |     8 |    14 |     9 ||    33
Evoke: Wand              |       |       |       |       |     1 ||     1
  Use: Scroll            |     1 |     3 |     1 |     6 |    17 ||    28
       Potion            |       |     1 |     3 |     3 |       ||     7
  Eat: Chunk             |       |     6 |    11 |    18 |     5 ||    40
       Royal jelly       |       |       |     1 |       |       ||     1
       Beef jerky        |       |       |     1 |       |     2 ||     3
       Fruit             |       |       |     5 |       |       ||     5
       Pizza             |       |       |       |       |     1 ||     1

Notes
Turn   | Place    | Note
--------------------------------------------------------------
     0 | D:1      | Duffy the Tengu Fighter began the quest for the Orb.
     0 | D:1      | Reached XP level 1. HP: 14/14 MP: 2/2
    84 | D:1      | Reached XP level 2. HP: 19/19 MP: 3/3
   113 | D:1      | Reached skill level 3 in Axes
   468 | D:1      | Reached XP level 3. HP: 21/23 MP: 4/4
  1049 | D:2      | Noticed Terence
  1060 | D:2      | Killed Terence
  1060 | D:2      | Reached skill level 4 in Axes
  1060 | D:2      | Reached XP level 4. HP: 24/29 MP: 5/5
  1694 | D:3      | Found a glowing silver altar of Zin.
  2028 | D:3      | Reached skill level 4 in Fighting
  2167 | D:3      | Gained mutation: You can fly. [Tengu growth]
  2167 | D:3      | Reached XP level 5. HP: 31/33 MP: 6/6
  2209 | D:3      | Noticed Ijyb
  2230 | D:3      | Killed Ijyb
  2347 | D:3      | Found an iron altar of Okawaru.
  2620 | D:4      | Reached skill level 5 in Axes
  2653 | D:4      | Found an ancient bone altar of Kikubaaqudgha.
  2674 | D:4      | Noticed a slave
  2675 | D:4      | Noticed a slave
  2676 | D:4      | Noticed Pikel
  2677 | D:4      | Noticed a slave
  2678 | D:4      | Noticed a slave
  2689 | D:4      | Killed a slave
  3000 | D:3      | Killed Pikel
  3000 | D:3      | Reached skill level 7 in Fighting
  3000 | D:3      | Reached XP level 6. HP: 28/44 MP: 4/7
  3000 | D:3      | Reached XP level 7. HP: 30/48 MP: 4/8
  3416 | D:4      | Reached skill level 6 in Axes
  3827 | D:4      | Reached XP level 8. HP: 53/53 MP: 9/9
  4042 | D:5      | Entered Level 5 of the Dungeon
  4338 | D:5      | Reached skill level 4 in Armour
  4503 | D:5      | Reached skill level 7 in Axes
  4632 | D:5      | Found a shimmering altar of Xom.
  4914 | D:5      | Reached skill level 5 in Armour
  5396 | D:5      | Reached skill level 8 in Axes
  5571 | D:5      | Noticed Grinder
  5590 | D:5      | Paralysed by Grinder for 7 turns
  5804 | D:5      | Paralysed by Grinder for 3 turns
  5819 | D:5      | Killed Grinder
  5819 | D:5      | Reached skill level 6 in Armour
  5819 | D:5      | Reached XP level 9. HP: 25/57 MP: 10/10
  6056 | D:6      | Noticed Dowan
  6057 | D:6      | Noticed Duvessa
  6079 | D:6      | Killed Dowan
  6414 | D:6      | Noticed HessK's ghost (novice HuFE)
  6532 | D:6      | Killed Duvessa
  6535 | D:6      | Reached skill level 9 in Axes
  6778 | D:6      | Got a serpentine turquoise ring
  6791 | D:6      | Identified the ring "Ziakhapt" {rC+ rN+ EV+3 Int+5} (You took it off Duvessa on level 6 of the Dungeon)
  6936 | D:7      | Found a staircase to the Ecumenical Temple.
  6946 | Temple   | Entered the Ecumenical Temple
  6954 | Temple   | Reached skill level 7 in Armour
  6960 | Temple   | Became a worshipper of Cheibriados the Contemplative
  7277 | D:7      | Found a sand-covered staircase.
  7299 | Ossuary  | Entered an ossuary
  7402 | Ossuary  | Reached * piety under Cheibriados
  8106 | D:7      | Found a white marble altar of Elyvilon.
  8128 | D:7      | Reached ** piety under Cheibriados
  8327 | D:7      | Got a smoking golden ring
  8328 | D:7      | Identified the ring of Incredulity {*Corrode rElec Str+3 Int+4 Stlth-} (You found it on level 7 of the Dungeon)
  8341 | D:7      | Reached skill level 10 in Axes
  8528 | D:7      | Reached skill level 11 in Axes
  8702 | D:7      | Reached *** piety under Cheibriados
  8895 | D:7      | Reached XP level 10. HP: 63/63 MP: 11/11
  8932 | D:7      | Reached skill level 1 in Invocations
  9236 | D:6      | Reached **** piety under Cheibriados
  9291 | D:6      | Found an iron altar of Okawaru.
  9303 | D:6      | Reached skill level 2 in Invocations
  9528 | D:6      | Reached skill level 12 in Axes
  9536 | D:6      | Reached skill level 3 in Invocations
  9742 | D:6      | Found Xewymema's Weapon Shop.
 10106 | D:6      | Reached ***** piety under Cheibriados
 10312 | D:6      | Reached skill level 4 in Invocations
 10336 | D:6      | Killed HessK's ghost
 10679 | D:8      | Found a shimmering altar of Xom.
 11007 | D:8      | Reached skill level 5 in Invocations
 11317 | D:8      | Learned a level 1 spell: Apportation
 11326 | D:8      | Reached skill level 13 in Axes
 11752 | D:8      | Reached XP level 11. HP: 60/67 MP: 16/16
 12090 | D:9      | Reached skill level 6 in Invocations
 12145 | D:9      | Found a white marble altar of Elyvilon.
 12317 | D:9      | Noticed Grum
 12325 | D:9      | Killed Grum
 12375 | D:9      | Found Amaickut's Gadget Emporium.
 12387 | D:9      | Noticed Erica
 12400 | D:9      | Killed Erica
 12605 | D:9      | Found a sacrificial altar of Ru.
 12654 | D:9      | Found a deep blue altar of Sif Muna.
 12855 | D:10     | Entered Level 10 of the Dungeon
 12894 | D:10     | Noticed an unseen horror
 12897 | D:10     | Killed an unseen horror
 12922 | D:10     | Reached ****** piety under Cheibriados
 12982 | D:10     | Reached skill level 7 in Invocations
 13444 | D:10     | Noticed Erolcha
 13458 | D:10     | Killed Erolcha
 13458 | D:10     | Reached skill level 14 in Axes
 13722 | D:10     | Found a staircase to the Lair.
 13749 | Lair:1   | Entered Level 1 of the Lair of Beasts
 13895 | D:10     | Reached skill level 8 in Invocations
 13970 | D:10     | Noticed Maurice
 13980 | D:10     | Killed Maurice
 14159 | D:10     | Reached skill level 1 in Dodging
 14163 | D:10     | Reached XP level 12. HP: 50/73 MP: 15/19
 14372 | D:10     | Reached skill level 2 in Dodging
 14723 | D:10     | Reached skill level 8 in Fighting
 14800 | D:10     | Reached skill level 3 in Dodging
 14842 | D:10     | Noticed a deep troll earth mage
 14846 | D:10     | Killed a deep troll earth mage
 15245 | Lair:1   | Got a slimy plate armour
 15289 | Lair:1   | Identified the +7 plate armour "Deaha" {Str+2 Int+7 Dex+4} (You found it on level 1 of the Lair of Beasts)
 15405 | Lair:1   | Reached skill level 8 in Armour
 15945 | Lair:1   | Reached skill level 4 in Dodging
 15953 | Lair:1   | Reached skill level 15 in Axes
 17143 | Lair:3   | Noticed a seven-headed hydra
 17152 | Lair:3   | Killed a two-headed hydra
 17152 | Lair:3   | Reached skill level 5 in Dodging
 17665 | Lair:3   | Reached skill level 9 in Fighting
 17914 | Lair:3   | Found a hole to the Spider Nest.
 18155 | Lair:4   | Noticed a death yak
 18155 | Lair:4   | Noticed a death yak
 18155 | Lair:4   | Noticed a death yak
 18155 | Lair:4   | Noticed a death yak
 18155 | Lair:4   | Noticed a death yak
 18157 | Lair:4   | Noticed a death yak
 18164 | Lair:3   | Killed a death yak
 18164 | Lair:3   | Reached skill level 9 in Armour
 18168 | Lair:3   | Killed a death yak
 18168 | Lair:3   | Reached skill level 6 in Dodging
 18168 | Lair:3   | Reached XP level 13. HP: 28/80 MP: 17/20
 18442 | Lair:4   | Found a staircase to the Shoals.
 19019 | Lair:4   | Reached skill level 7 in Dodging
 19037 | Lair:4   | Reached skill level 10 in Fighting
 19385 | Lair:4   | Reached skill level 10 in Armour
 19497 | Lair:5   | Reached skill level 16 in Axes
 19995 | Lair:5   | Reached skill level 8 in Dodging
 20383 | Lair:6   | Found a labyrinth entrance.
 20395 | Lab      | Entered a labyrinth
 21111 | Lab      | Found an exit through the horrors of the Abyss.
 21159 | Lab      | Noticed a minotaur
 21170 | Lab      | Killed a minotaur
 21170 | Lab      | Gained mutation: You can fly continuously. [Tengu growth]
 21170 | Lab      | Reached XP level 14. HP: 2/88 MP: 15/21
 21446 | Lab      | Quit the game

Vault maps used:
D:1:      shiori_shiawase
D:2:      first_bread, uniq_terence
D:3:      lemuel_crystal_altar, zin_academy, uniq_iyjb
D:4:      kiku_gazebo_pond_becter, serial_column_ruins,
          column_ruins_open_medium, column_ruins_grid_1,
          column_ruins_columns_straight, column_ruins_columns_straight,
          uniq_pikel
D:5:      led_xom_imps, uniq_grinder
D:6:      forest_paths, serial_shops, shop, okawaru_trees_2, uniq_duvessa
D:7:      lemuel_slime, elyvilon_altar_4, minmay_temple_entry_overgrown,
          gup_ossuary_entry_pyramid, the_bakery, supply_closet_lemuel,
          nrook_uturn, st_stairs_7
D:8:      basic_altar, roderic_three_in_a_row, minmay_tree_intersection
D:9:      nicolae_ru_path_of_blood, lemuel_coloured_pillars_altar, serial_shops,
          shop, basic_altar, uniq_grum, uniq_erica
D:10:     grunt_lair_entry_elf_guard_hut, kennysheep_just_a_vault, uniq_erolcha,
          uniq_maurice
Temple:   triangle_lava_temple_12
Lair:1:   serial_bayou_shore_a, lemuel_fruit_tree
Lair:2:   grunt_megastairs_3
Lair:3:   nicolae_spider_entry_tight_spaces, serial_bayou_pond_d,
          beast_lair_carwin_6
Lair:4:   minmay_shoals_entry_beasts, minivault_25, st_stairs_11
Lair:6:   cheibrodos_magma_flow, nicolae_slime_entry_slimehenge,
          lab_entry_generic
Lab:      nicolae_lab_dead_adventurers, nicolae_lab_statue, labyrinth_fake_exit
Ossuary:  ossuary_tomb_1

Vanquished Creatures
  A minotaur
  2 hydras Erolcha Erica
  A deep troll earth mage
  8 death yaks
  An unseen horror Pikel
  A hill giant
  A manticore
  2 griffons
  The ghost of HessK the Firebug, a novice HuFE of Vehumet
  A black mamba
  4 elephants Maurice
  6 spiny frogs
  A torpor snail
  3 komodo dragons
  A fire drake
  A polar bear Grinder
  A slime creature
  8 blink frogs
  A spriggan
  33 yaks
  A wyvern
  A deep elf fighter Grum
  4 hippogriffs
  10 wolves
  8 water moccasins
  An ice beast Duvessa
  A necrophage
  3 black bears
  8 spiders
  2 orc warriors
  2 phantoms
  5 sky beasts
  7 centaurs
  8 porcupines
  2 slaves
  11 ogres
  A wasp
  2 big kobolds
  9 crocodiles
  21 giant frogs
  4 scorpions Dowan
  2 lava snakes
  20 wights
  2 electric eels
  14 killer bees
  A human zombie
  3 hounds
  A centaur zombie
  13 crimson imps
  2 giant frog zombies
  3 orc priests
  8 iguanas Ijyb
  10 jellies
  5 orc wizards
  2 centaur skeletons
  3 giant frog skeletons
  5 worker ants Terence
  A killer bee zombie
  A big kobold zombie
  A hound skeleton
  3 mummies
  18 adders
  5 gnolls
  44 river rats
  4 shadow imps
  17 oozes
  An adder zombie
  3 worms
  An adder skeleton
  14 giant geckos
  29 orcs
  7 giant cockroaches
  9 goblins
  7 hobgoblins
  4 jackals
  17 kobolds
  8 quokkas
  2 ball pythons
  23 bats
  A giant gecko skeleton
  3 giant newts
  3 goblin zombies
  11 hobgoblin zombies
  2 jackal skeletons
  2 jackal zombies
  9 kobold zombies
  8 orc zombies
  17 rats
  19 fungi
  6 plants
593 creatures vanquished.
